Map: Orbital Shipyard

Players

Rinka

  • Race: Protoss Protoss
  • League: Grandmaster

HateMe - Winner!

  • Race: Zerg Zerg
  • League: Platinum

Event: DreamHack ZOWIE Open Leipzig

VOD

Have the link to the VOD?

Description

Time

  • Played on: Jan. 22, 2016, 9:17 a.m.
  • Length: 11:35

All games in this series

Show
View Real Time Build Order
Export as new Build Order

Rinka Protoss 

Build Orders: Nexus First 

Get SALT Encoding   

  12  0:01  Probe (Chrono Boost)  
  13  0:11  Probe (Chrono Boost)  
  14  0:17  Pylon  
  14  0:22  Probe (Chrono Boost)  
  16  0:35  Probe (Chrono Boost)  
  16  0:46  Probe (Chrono Boost)  
  17  0:58  Nexus  
  17  1:08  Gateway  
  17  1:12  Probe (Chrono Boost)  
  18  1:22  Probe (Chrono Boost)  
  18  1:23  Assimilator  
  19  1:26  Assimilator  
  19  1:33  Probe (Chrono Boost)  
  20  1:42  Gateway  
  20  1:43  Probe (Chrono Boost)  
  22  1:54  Probe (Chrono Boost)  
  22  1:57  Cybernetics Core  
  22  2:05  Probe (Chrono Boost)  
  23  2:11  Probe (Chrono Boost)  
  23  2:15  Probe (Chrono Boost)  
  25  2:21  Probe (Chrono Boost)  
  26  2:26  Probe (Chrono Boost)  
  27  2:32  Probe (Chrono Boost)  
  27  2:34  Adept (Chrono Boost)  
  27  2:35  Adept (Chrono Boost)  
  27  2:36  Probe  
  33  2:38  Warp Gate  
  33  2:43  Probe  
  34  2:48  Probe (Chrono Boost)  
  34  2:50  Pylon  
  35  2:55  Probe (Chrono Boost)  
  36  3:00  Mothership Core (Chrono Boost)  
  38  3:08  Probe (Chrono Boost)  
  38  3:09  Gateway  
  39  3:15  Adept  
  39  3:16  Adept  
  39  3:19  Probe x2 (Chrono Boost)  
  45  3:30  Probe (Chrono Boost)  
  46  3:34  Pylon  
  46  3:52  Probe x2 (Chrono Boost)  
  46  3:54  Nexus  
  46  3:55  Pylon  
  48  4:02  Forge  
  49  4:03  Probe (Chrono Boost)  
  49  4:08  Probe (Chrono Boost)  
  50  4:13  Probe (Chrono Boost)  
  51  4:19  Probe (Chrono Boost)  
  51  4:23  Assimilator  
  51  4:24  Probe (Chrono Boost)  
  53  4:25  Assimilator  
  53  4:29  Probe (Chrono Boost)  
  54  4:34  Probe (Chrono Boost)  
  55  4:39  Stargate  
  55  4:40  Probe (Chrono Boost), Protoss Ground Weapons Level 1  
  55  4:41  Adept x3, Stargate  
  62  4:54  Pylon x2  
  62  5:06  Probe x2 (Chrono Boost), Adept x3  
  70  5:07  Probe (Chrono Boost)  
  71  5:14  Pylon  
  71  5:16  Probe x2 (Chrono Boost), Pylon  
  71  5:18  Probe (Chrono Boost), Pylon  
  74  5:22  Phoenix  
  74  5:24  Phoenix  
  74  5:27  Probe (Chrono Boost)  
  79  5:29  Probe x2 (Chrono Boost)  
  81  5:41  Probe x2 (Chrono Boost)  
  75  5:47  Phoenix  
  75  5:48  Adept  
  75  5:49  Adept x2, Phoenix  
  73  5:52  Probe (Chrono Boost)  
  73  5:54  Probe (Chrono Boost)  
  73  5:55  Probe (Chrono Boost)  
  76  5:57  Robotics Facility  
  76  6:02  Probe (Chrono Boost)  
  76  6:03  Pylon  
  77  6:06  Probe (Chrono Boost)  
  77  6:07  Probe (Chrono Boost)  
  77  6:10  Twilight Council, Forge  
  79  6:15  Assimilator  
  79  6:16  Phoenix (Chrono Boost)  
  81  6:20  Phoenix (Chrono Boost), Assimilator  
  81  6:21  Probe (Chrono Boost)  
  81  6:23  Probe (Chrono Boost)  
  81  6:24  Probe (Chrono Boost)  
  86  6:29  Protoss Ground Weapons Level 2  
  87  6:35  Charge  
  86  6:40  Zealot x3  
  86  6:44  Protoss Ground Armor Level 1  
  92  6:51  Warp Prism (Chrono Boost)  
  92  6:52  Phoenix (Chrono Boost)  
  92  6:53  Phoenix (Chrono Boost)  
  98  7:01  Pylon  
  98  7:03  Pylon  
  98  7:04  Zealot x3  
  104  7:24  Immortal (Chrono Boost)  
  104  7:25  Templar Archives  
  104  7:26  Gateway, Zealot x2  
  104  7:27  Zealot  
  104  7:28  Gateway  
  114  7:39  Gateway  
  114  7:42  Gateway  
  114  7:44  Gateway  
  114  7:45  Gateway  
  114  7:48  Zealot x3  
  124  7:59  Immortal (Chrono Boost)  
  124  8:01  Pylon  
  124  8:09  Pylon  
  124  8:10  Zealot x2  
  118  8:27  Zealot x3  
  118  8:33  Observer (Chrono Boost)  
  117  8:36  Zealot x2  
  113  8:41  High Templar x2  
  113  8:42  High Templar x2  
  113  8:43  Zealot  
  113  8:45  Archon  
  113  8:46  Archon  
  121  8:50  High Templar x2  
  121  8:51  Zealot x2  
  121  8:52  Warp Prism (Chrono Boost)  
  131  8:56  Archon  
  131  9:11  Nexus, High Templar  
  131  9:12  High Templar  
  131  9:13  Pylon, High Templar  
  131  9:14  Pylon, Zealot x3, High Templar  
  131  9:16  Archon  
  145  9:17  Archon  
  145  9:23  Observer (Chrono Boost), Assimilator  
  146  9:25  Assimilator  
  146  9:30  Pylon  
  146  9:33  Zealot  
  146  9:34  Zealot x3  
  146  9:35  Zealot  
  156  9:42  Observer (Chrono Boost)  
  157  9:58  Zealot  
  157  9:59  Zealot x6  
  171  10:00  Zealot  
  145  10:08  Zealot  
  88  10:23  Zealot x2  
  88  10:24  Zealot x6  
  88  10:26  Immortal (Chrono Boost)  
  108  10:40  Zealot  
  102  10:49  Zealot x5  
  98  10:50  Zealot x3  
  107  11:06  Zealot  
  87  11:12  High Templar  
  87  11:13  High Templar x3  
  87  11:14  High Templar x2  
  87  11:18  Archon x2  
  88  11:19  Archon  
  88  11:20  Zealot x2  
  80  11:28  Zealot  
Show
View Real Time Build Order
Export as new Build Order

HateMe Zerg - Winner!

Build Orders: 3 Hatch before Pool, Lurkers 

Get SALT Encoding   

  12  0:01  Drone  
  13  0:13  Overlord  
  13  0:17  Drone  
  14  0:32  Drone x2  
  16  0:36  Drone  
  17  0:53  Hatchery  
  17  0:56  Drone  
  17  1:15  Hatchery  
  17  1:18  Drone  
  17  1:21  Drone  
  17  1:24  Drone  
  19  1:35  Extractor  
  19  1:39  Spawning Pool  
  17  1:42  Drone  
  17  1:46  Drone  
  19  1:51  Drone  
  21  2:01  Drone  
  21  2:06  Drone  
  22  2:13  Drone  
  23  2:16  Drone  
  24  2:26  Queen x2  
  24  2:29  Queen  
  30  2:35  Overlord  
  30  2:42  Metabolic Boost  
  30  2:44  Drone x2  
  31  2:47  Zergling x2  
  31  2:50  Zergling x2  
  34  2:53  Overlord  
  34  2:56  Zergling x2  
  35  2:58  Zergling x2  
  35  3:01  Zergling x2  
  35  3:05  Zergling x2  
  38  3:12  Drone x2  
  40  3:13  Drone x2  
  40  3:15  Overlord  
  40  3:19  Drone  
  43  3:21  Drone  
  43  3:22  Drone  
  45  3:27  Drone  
  45  3:30  Queen  
  45  3:33  Drone x2  
  50  3:36  Drone  
  50  3:37  Drone  
  50  3:38  Drone  
  52  3:41  Drone  
  52  3:47  Drone x3  
  55  3:52  Spore Crawler  
  55  3:53  Extractor  
  53  3:57  Overlord x2  
  53  4:04  Zergling x6  
  53  4:08  Overlord  
  56  4:13  Spore Crawler  
  55  4:21  Lair  
  55  4:23  Drone x5  
  60  4:24  Drone  
  60  4:25  Drone  
  60  4:31  Drone x5  
  65  4:32  Drone  
  65  4:37  Overlord  
  65  4:38  Drone  
  69  4:39  Drone x2  
  69  4:43  Drone x2  
  72  5:00  Overlord  
  72  5:05  Extractor  
  72  5:06  Zergling x4, Extractor  
  72  5:07  Zergling x14  
  78  5:23  Zergling x4  
  78  5:24  Hydralisk Den, Zergling x4  
  78  5:25  Overlord  
  78  5:26  Drone x7  
  87  5:38  Drone  
  87  5:39  Drone x2  
  87  5:42  Drone x2  
  85  5:43  Drone  
  86  5:50  Drone x3  
  86  5:52  Lurker Den  
  86  5:55  Extractor  
  86  5:56  Extractor  
  86  6:00  Overlord  
  86  6:01  Drone x6  
  91  6:22  Drone x3  
  91  6:23  Evolution Chamber x2  
  91  6:24  Hatchery  
  91  6:26  Overlord x2  
  91  6:32  Hydralisk  
  91  6:33  Hydralisk x5  
  91  6:35  Hydralisk x3  
  109  6:40  Hydralisk  
  109  6:42  Hydralisk  
  109  6:44  Overlord x2  
  113  6:51  Zerg Missile Weapons Level 1, Zerg Ground Armor Level 1  
  113  6:52  Overlord  
  113  7:00  Overlord  
  113  7:01  Hydralisk x4  
  113  7:02  Hydralisk x2  
  125  7:11  Zergling x4  
  125  7:12  Hydralisk x2, Zergling x4  
  127  7:19  Hydralisk x4  
  135  7:23  Extractor x2  
  135  7:28  Zergling x2  
  135  7:29  Zergling x6  
  137  7:38  Muscular Augments  
  137  7:40  Overlord  
  137  7:42  Zergling x6  
  137  7:43  Zergling x12  
  145  8:03  Drone x5  
  145  8:04  Drone  
  145  8:05  Spore Crawler  
  150  8:07  Lurker x2, Hydralisk  
  150  8:08  Hydralisk x5  
  164  8:14  Infestation Pit  
  144  8:33  Zergling x2  
  144  8:34  Zergling x8  
  133  8:46  Queen  
  133  8:47  Zerg Ground Armor Level 2, Zerg Missile Weapons Level 2  
  137  8:53  Queen  
  137  8:54  Hive  
  137  8:57  Roach Warren  
  136  9:08  Lurker x4  
  136  9:09  Lurker x2  
  142  9:10  Zergling x14  
  142  9:11  Zergling x22  
  160  9:19  Overlord  
  160  9:20  Overlord  
  160  9:36  Nydus Network  
  159  9:39  Roach x11  
  159  9:40  Roach  
  159  9:43  Glial Reconstitution  
  159  9:45  Roach  
  185  9:46  Roach  
  185  9:47  Overlord  
  185  9:48  Overlord  
  187  9:58  Overseer  
  187  10:03  Roach  
  187  10:04  Roach x10  
  183  10:07  Roach  
  183  10:08  Roach  
  183  10:10  Roach  
  183  10:11  Roach x3  
  164  10:14  Roach  
  164  10:20  Roach x5  
  170  10:26  Roach  
  169  10:36  Roach x4  
  169  10:40  Roach  
  169  10:42  Roach x2  
  173  10:45  Roach x2  
  173  10:46  Hatchery, Roach x2  
  169  10:50  Nydus Canal  
  169  10:52  Roach x2  
  173  11:01  Roach  
  173  11:02  Roach x10  
  195  11:09  Roach  
  179  11:12  Roach  
  179  11:13  Roach x5  

Tags
 
Add a new tag
Caveats
  • Supply blocks, unpowered buildings, or Contaminate may cause inaccurate times.
  • Supply counts are checked every 10 seconds.